 Dungeon Crawl Stone Soup version 0.22.1-2-g9c5b331383 (webtiles) character file.

746 Ihlosi the Slasher (level 8, -5/60 HPs)
             Began as a Human Gladiator on Nov 21, 2018.
             Slain by Menkaure (21 damage)
             ... on level 4 of the Dungeon.
             The game lasted 00:10:11 (3112 turns).

Ihlosi the Slasher (Human Gladiator)                Turns: 3112, Time: 00:10:11

Health: -5/60      AC:  6    Str: 16    XL:     8   Next: 5%
Magic:  3/3        EV: 15    Int:  8    God:
Gold:   108        SH:  0    Dex: 16    Spells: 7/7 levels left

rFire    . . .     SeeInvis .   e - +2 dagger (antimagic)
rCold    . . .     Gourm    .   (no shield)
rNeg     . . .     Faith    .   b - +0 leather armour
rPois    .         Spirit   .   c - +0 helmet
rElec    .         Reflect  .   (no cloak)
rCorr    .         Harm     .   j - +0 pair of gloves
MR       .....                  g - +0 pair of boots
Stlth    ++........             (no amulet)
HPRegen  0.20/turn              (no ring)
MPRegen  0.08/turn              (no ring)

@: no status effects
A: no striking features
a: no special abilities


You were on level 4 of the Dungeon.
You were not hungry.

You visited 1 branch of the dungeon, and saw 4 of its levels.
You also visited: Sewer.

You collected 108 gold pieces.

Inventory:

Hand Weapons
 a - a +0 long sword
 e - a +2 antimagic dagger (weapon)
 i - a +0 whip of venom
 q - a +0 blowgun
 t - a +1 dagger of draining
 v - a +0 blowgun
 w - a +2 flail of venom
Missiles
 d - 3 throwing nets (quivered)
 k - 26 bolts
 r - 4 poisoned needles
 u - 9 curare-tipped needles
Armour
 b - a +0 leather armour (worn)
 c - a +0 helmet (worn)
 g - a +0 pair of boots (worn)
 j - a +0 pair of gloves (worn)
Wands
 m - a wand of iceblast (4)
Scrolls
 l - a scroll of immolation
 y - a scroll of fog {unknown}
Potions
 h - a potion of haste
 n - a potion of cancellation {unknown}
 o - 2 potions of flight
 p - 2 potions of heal wounds {unknown}
 s - a potion of curing
 x - a potion of might {unknown}
 z - a potion of lignification {unknown}
Comestibles
 f - 7 rations
 A - a chunk of flesh


   Skills:
 * Level 4.1 Fighting
 + Level 5.3 Long Blades
 - Level 2.0 Throwing
 * Level 2.9 Armour
 * Level 5.1 Dodging
 - Level 1.0 Stealth
 * Level 2.0 Evocations


You had 7 spell levels left.
You didn't know any spells.
Your spell library was empty.

Dungeon Overview and Level Annotations

Branches:
Dungeon (4/15)
 Temple: D:4-7

Altars:
Elyvilon
Fedhas
Hepliaklqana
Trog

Annotations:
D:4 Menkaure


Message History

You hit Menkaure.
Menkaure's magic leaks into the air.
Menkaure is severely damaged.
Menkaure completely misses you.
You hit Menkaure but do no damage.
Menkaure is severely damaged.
Menkaure closely misses you.
You hit Menkaure.
Menkaure's magic leaks into the air.
Menkaure is almost destroyed.
Menkaure falters for a moment.
You hit Menkaure but do no damage.
Menkaure is almost destroyed.
Menkaure hits you!
* * * LOW HITPOINT WARNING * * *
It was a potion of curing.
You feel better. Menkaure hits you!
* * * LOW HITPOINT WARNING * * *
You feel better.
Menkaure falters for a moment.
You hit Menkaure but do no damage.
Menkaure is almost destroyed.
Menkaure hits you!!
You die...

..###...###...#.......
P....._.....P.........
.###...###...#.)[)...
##.##.#####..†..#.
#.##..........##.
##.###........#.). ###
#...####.........^ ....
#.P.####...)#..### .....
#@..#.......#...##
$.(...##M#####..........
.....M..o#.........##).#
####....##.........###..
#.##.# ........<..... #
#.. ........(##### ...
####.....# #...
#......##### ###.
#.####......


You could see Menkaure and an orc.

Vanquished Creatures
  Sigmund (D:3)
  2 ogres (D:4)
  A big kobold (Sewer)
  A scorpion (D:4)
  2 orc wizards
  2 worker ants (D:4)
  Robin (D:3)
  3 adders
  4 gnolls (D:3)
  3 river rats (Sewer)
  A worm (D:3)
  A dart slug (D:4)
  2 leopard geckos
  10 orcs
  7 bats
  5 giant cockroaches
  17 goblins
  9 hobgoblins
  6 jackals
  A ball python (D:3)
  8 frilled lizards
  12 kobolds
  8 rats
107 creatures vanquished.

Notes
Turn   | Place    | Note
-------+----------+-------------------------------------------
     0 | D:1      | Ihlosi the Human Gladiator began the quest for the Orb.
     0 | D:1      | Reached XP level 1. HP: 16/16 MP: 1/1
   183 | D:1      | Reached XP level 2. HP: 21/22 MP: 2/2
   477 | D:2      | Reached XP level 3. HP: 25/27 MP: 3/3
   833 | D:2      | Reached skill level 1 in Stealth
   990 | D:2      | Found a bloodstained altar of Trog.
  1310 | D:3      | Noticed Robin
  1353 | D:3      | Reached XP level 4. HP: 33/33 MP: 4/4
  1358 | D:3      | Reached skill level 1 in Armour
  1440 | D:3      | Noticed Sigmund
  1502 | D:3      | Reached XP level 5. HP: 25/39 MP: 5/5
  1538 | D:3      | Found a faded altar of an unknown god.
  1617 | D:3      | Killed Robin
  1674 | D:3      | Found a glowing drain.
  1682 | Sewer    | Entered a sewer
  1696 | Sewer    | Reached XP level 6. HP: 27/47 MP: 6/6
  2142 | Sewer    | Found a white marble altar of Elyvilon.
  2258 | D:3      | Found a bloodstained altar of Trog.
  2516 | D:3      | Found a hazy altar of Hepliaklqana.
  2674 | D:3      | Found a blossoming altar of Fedhas.
  2868 | D:3      | Killed Sigmund
  2868 | D:3      | Reached skill level 1 in Evocations
  2868 | D:3      | Reached XP level 7. HP: 43/53 MP: 7/7
  2971 | D:4      | Reached skill level 5 in Long Blades
  3024 | D:4      | Reached skill level 5 in Dodging
  3038 | D:4      | Found a white marble altar of Elyvilon.
  3084 | D:4      | Reached XP level 8. HP: 59/60 MP: 9/9
  3090 | D:4      | Noticed Menkaure
  3112 | D:4      | Slain by Menkaure

Skill      XL: |  1  2  3  4  5  6  7  8 |
---------------+-------------------------+-----
Stealth        | 1 |  1.0
Armour         | 1 2 |  2.9
Dodging        | 4 5 |  5.1
Fighting       | 3 4 |  4.1
Long Blades    | 4 5 |  5.3
Evocations     | 1 2 |  2.0
Throwing       | |  2.0

Action                   |  1- 3 |  4- 6 |  7- 9 || total
-------------------------+-------+-------+-------++-------
Melee: Long sword        |   100 |   145 |     3 ||   248
       Flail             |       |     2 |    28 ||    30
       Dagger            |       |       |    14 ||    14
 Fire: Blowgun           |       |     7 |       ||     7
Throw: Throwing net      |       |     3 |       ||     3
Evoke: Wand              |       |     6 |       ||     6
  Use: Scroll            |     6 |     1 |       ||     7
       Potion            |     1 |     3 |     2 ||     6
 Stab: Sleeping          |     2 |     2 |     1 ||     5
  Eat: Chunk             |     1 |     5 |     2 ||     8
Armor: Leather armour    |    34 |    42 |     5 ||    81
Dodge: Dodged            |    76 |   100 |    32 ||   208
       Rpst.: Long sword |    19 |    26 |     1 ||    46
